 Dungeon Crawl Stone Soup version 0.19.5 (webtiles) character file.

220 Amon001 the Sneak (level 5, -7/24 HPs)
             Began as a Spriggan Enchanter on Mar 25, 2017.
             Killed by divine providence
             ... invoked by an orc priest
              (10 damage)
             ... on level 4 of the Dungeon.
             The game lasted 00:11:35 (3295 turns).

Amon001 the Sneak (Spriggan Enchanter)              Turns: 3295, Time: 00:11:36

Health: -7/24      AC:  4    Str:  4    XL:     5   Next: 64%
Magic:  10/10      EV: 21    Int: 16    God:
Gold:   188        SH:  3    Dex: 18    Spells: 2 memorised, 7 levels left

rFire  . . .     SeeInvis +     a - +1 dagger
rCold  . . .     Gourm    .     b - +1 robe
rNeg   . . .     Faith    .     (shield restricted)
rPois  .         Spirit   .     (helmet restricted)
rElec  .         Reflect  +     s - +0 cloak
rCorr  .         Harm     .     (gloves unavailable)
MR     .....                    (boots unavailable)
Stlth  ++++......               j - +3 amulet of reflection
                                (no ring)
                                (no ring)

@: very quick
A: unfitting armour, see invisible, herbivore 3, speed 3, slow metabolism 2
a: no special abilities


You were on level 4 of the Dungeon.
You were hungry.

You visited 1 branch of the dungeon, and saw 4 of its levels.

You collected 188 gold pieces.

Inventory:

Hand Weapons
 a - a +1 dagger (weapon)
Armour
 b - a +1 robe (worn)
 s - a +0 cloak (worn)
Jewellery
 j - a +3 amulet of reflection (around neck)
Wands
 l - a wand of slowing (12/48)
Scrolls
 e - a scroll of immolation {unknown}
 f - 2 scrolls of fear {unknown}
 h - 5 scrolls of identify {unknown}
 p - a scroll of blinking {unknown}
 q - a scroll of teleportation {unknown}
 t - 3 scrolls of remove curse {unknown}
 v - a scroll of noise {unknown}
 w - 2 scrolls of enchant weapon {unknown}
Potions
 i - a potion of agility {unknown}
 k - a potion of haste {unknown}
 m - 2 potions of ambrosia {unknown}
 n - a potion of brilliance {unknown}
 o - a potion of heal wounds {unknown}
 r - 2 potions of curing {unknown}
 u - 2 potions of might {unknown}
Books
 c - a book of Maledictions

   Spells                             Type                      Level
   a - Corona                         Hexes                        1
   b - Ensorcelled Hibernation        Hexes/Ice                    2
   c - Confuse                        Hexes                        3
   d - Tukima's Dance                 Hexes                        3
   e - Dazzling Spray                 Conjuration/Hexes            3
Comestibles
 d - 2 bread rations
 g - a fruit


   Skills:
 + Level 0.2 Fighting
 + Level 2.1 Short Blades
 * Level 5.0 Dodging
 + Level 6.4 Stealth
 + Level 3.3 Spellcasting
 + Level 4.5 Hexes
 + Level 1.0 Ice Magic


You had 7 spell levels left.
You knew the following spells:

 Your Spells              Type           Power        Failure   Level  Hunger
a - Corona                Hex            ###....      3%          1    None
b - Ensorcelled Hibernat  Hex/Ice        ##....       10%         2    ##.....


Dungeon Overview and Level Annotations

Branches:
Dungeon (4/15)
 Temple: D:4-7

Altars:
Cheibriados
Elyvilon
Qazlal

Annotations:
D:3 Phaedo's ghost, amateur MfSk
D:4 Hybris's ghost, amateur DsCK


Innate Abilities, Weirdness & Mutations

You are very small and have problems with some larger weapons.
You are too small for most types of armour.
You have supernaturally acute eyesight. (SInv)
You are a herbivore.
You cover ground extremely quickly.
You need consume almost no food.


Message History

The orc wizard blinks!
You hit the orc but do no damage.
The orc is heavily wounded.
The orc completely misses you.
You hit the orc.
The orc is heavily wounded.
You hit the orc.
The orc is almost dead.
The orc misses you.
The orc priest begins to cast a cantrip, but forgets the words!
You barely miss the orc.
The orc is almost dead.
The orc misses you.
The orc priest invokes the aid of Beogh against you.
Beogh smites you!
Ouch! That really hurt!
* * * LOW HITPOINT WARNING * * *
The orc priest calls down the wrath of Beogh upon you.
Beogh smites you!
You die...

.# ### #.# .# ..# ##.##
.######.# ##.#.##
........######.###.########
#.####..##....## ##........
....##..##.###.###.######..
.....#.....# #.#.##
.....#....## #.##
._......#.# #@# .....#.##.#
#.# .....#....# #o#
....##....# #o# #.####.#..#
#o# .......#..### .o#
.###>#W#....# .## .#
#>.......# .
.###............


You could see an orc priest, an orc wizard and 2 orcs.

Vanquished Creatures
  A hound (D:4)
  An orc wizard (D:3)
  Ijyb (D:2)
  4 adders
  2 oozes
  A worm (D:2)
  8 dart slugs
  6 orcs (D:3)
  9 bats
  5 giant cockroaches
  5 goblins
  2 hobgoblins
  7 jackals
  3 quokkas
  3 frilled lizards
  9 kobolds
  3 rats (D:3)
70 creatures vanquished.

Notes
Turn   | Place    | Note
-------+----------+-------------------------------------------
     0 | D:1      | Amon001 the Spriggan Enchanter began the quest for the Orb.
     0 | D:1      | Reached XP level 1. HP: 9/9 MP: 5/5
   118 | D:1      | Reached XP level 2. HP: 9/13 MP: 6/6
   122 | D:1      | Learned a level 2 spell: Ensorcelled Hibernation
   384 | D:1      | Reached skill level 5 in Stealth
   516 | D:1      | Reached XP level 3. HP: 11/16 MP: 5/8
   744 | D:2      | Noticed Ijyb
   769 | D:2      | Killed Ijyb
   913 | D:2      | Reached XP level 4. HP: 21/21 MP: 9/9
   930 | D:2      | Found a white marble altar of Elyvilon.
  1500 | D:2      | Found a stormy altar of Qazlal.
  1700 | D:3      | Reached XP level 5. HP: 18/24 MP: 6/10
  1723 | D:3      | Noticed Phaedo's ghost (amateur MfSk)
  2287 | D:3      | Reached skill level 1 in Ice Magic
  2437 | D:3      | Reached skill level 5 in Dodging
  2954 | D:4      | Reached skill level 6 in Stealth
  3040 | D:4      | Found a snail-covered altar of Cheibriados.
  3040 | D:4      | Noticed Hybris's ghost (amateur DsCK)
  3295 | D:4      | Killed from afar by an orc priest

Skill      XL: |  1  2  3  4  5 |
---------------+----------------+-----
Stealth        | 5 6 |  6.4
Hexes          | 4 |  4.5
Dodging        | 4 5 |  5.0
Short Blades   | 2 |  2.1
Spellcasting   | 3 |  3.3
Ice Magic      | 1 |  1.0
Fighting       | |  0.2

Action                   |  1- 3 |  4- 6 || total
-------------------------+-------+-------++-------
Melee: Dagger            |    98 |   182 ||   280
 Cast: Ensorcelled Hiber |     7 |    33 ||    40
       Corona            |     1 |       ||     1
 Stab: Sleeping          |    16 |    31 ||    47
  Eat: Fruit             |       |     2 ||     2
Armor: Robe              |    12 |    10 ||    22
Dodge: Dodged            |    83 |   131 ||   214
Block: Other             |     4 |    13 ||    17
